 Dungeon Crawl Stone Soup version 0.23.2-40-g277498a (webtiles) character file.

Game seed: 16970578901595666564

15 hanselmaniac the Sneak (level 2, -1/13 HPs)
             Began as a Spriggan Earth Elementalist on Sept 24, 2019.
             Slain by a rat (3 damage)
             ... on level 1 of the Dungeon.
             The game lasted 00:02:03 (441 turns).

hanselmaniac the Sneak (Spriggan Earth Elementalist) Turns: 441, Time: 00:02:03

Health: -1/13      AC:  2    Str:  4    XL:     2   Next: 34%
Magic:  6/7        EV: 18    Int: 16    God:
Gold:   17         SH:  0    Dex: 16    Spells: 6/7 levels left

rFire    . . .     SeeInvis +   f - +0 dagger
rCold    . . .     Gourm    .   (shield restricted)
rNeg     . . .     Faith    .   c - +0 robe
rPois    .         Spirit   .   (helmet restricted)
rElec    .         Reflect  .   (no cloak)
rCorr    .         Harm     .   (gloves unavailable)
MR       .....                  (boots unavailable)
Stlth    ++........             (no amulet)
HPRegen  0.04/turn              (no ring)
MPRegen  0.10/turn              (no ring)

@: very quick
A: very small, unfitting armour, see invisible, herbivore, speed 3, slow
metabolism 2
a: no special abilities


You were on level 1 of the Dungeon.
You were not hungry.

You visited 1 branch of the dungeon, and saw 1 of its levels.

You collected 17 gold pieces.

Inventory:

Hand Weapons
 f - a +0 dagger (weapon)
Missiles
 b - 19 stones (quivered)
Armour
 c - a +0 robe (worn)
Scrolls
 a - a scroll of amnesia {unknown}
 e - a scroll of random uselessness {unknown}
 h - a scroll of remove curse {unknown}
Potions
 g - a potion of berserk rage {unknown}
 i - 2 potions of resistance {unknown}
Comestibles
 d - 3 rations


   Skills:
 + Level 3.1 Dodging
 + Level 3.2 Stealth
 + Level 3.1 Spellcasting
   Level 1.3 Transmutations
 + Level 3.1 Earth Magic


You had 6 spell levels left.
You knew the following spells:

 Your Spells              Type           Power        Failure   Level  Hunger
a - Sandblast             Erth           ##....       5%          1    #......

Your spell library contained the following spells:

 Spells                   Type           Power        Failure   Level  Hunger
 Passwall                 Tmut/Erth      #.......     11%         2    ##.....
 Stone Arrow              Conj/Erth      #.....       28%         3    ###....
 Petrify                  Tmut/Erth      #.......     58%         4    #####..
 Lee's Rapid Deconstruct  Erth           ##........   82%         5    ######.


Dungeon Overview and Level Annotations

Branches:
Dungeon (1/15)

Altars:


Innate Abilities, Weirdness & Mutations

You are very small and have problems with some larger weapons.
You are too small for most types of armour.
You have supernaturally acute eyesight. (SInv)
You are a herbivore.
You cover ground extremely quickly.
You need to consume almost no food.


Message History

The bat barely misses you. The bat completely misses you.
The hobgoblin hits you.
You hit the hobgoblin but do no damage.
The hobgoblin is heavily wounded.
The bat closely misses you. The hobgoblin closely misses you.
You hit the hobgoblin but do no damage.
The hobgoblin is heavily wounded.
The bat hits you but does no damage. x2; The hobgoblin hits you.
You hit the hobgoblin but do no damage.
The hobgoblin is heavily wounded.
The bat misses you. The bat barely misses you.
The hobgoblin hits you but does no damage.
You hit the hobgoblin.
The hobgoblin is severely wounded.
The bat barely misses you. The hobgoblin hits you.
* * * LOW HITPOINT WARNING * * *
You hit the hobgoblin but do no damage.
The hobgoblin is severely wounded.
The rat bites you.
You die...

######.#####.#....'..........
............#.#....###########
#.........#.#.#...... ...#...
#.#########.#.#.....#####.#...
..#.#.#...............
########.#.#.#....####+#.....
.........#.#.#..............†
#........#g#.######...#####
+........#@#..........+
###........#r####.......#
...........rb# #.###...#
..........#### #.# #)..#
..........+ #.###...# #
.......$..# #.#....## #.#
........... #.##.### #..
###......... #.##'####+###
............ #..........#


You could see a hobgoblin, a bat and 2 rats.

Vanquished Creatures
  A leopard gecko (D:1)
  A giant cockroach (D:1)
  A goblin (D:1)
  5 hobgoblins (D:1)
  2 kobolds (D:1)
  A rat (D:1)
11 creatures vanquished.

Notes
Turn   | Place    | Note
-------+----------+-------------------------------------------
     0 | D:1      | hanselmaniac the Spriggan Earth Elementalist began the
                  | quest for the Orb.
     0 | D:1      | Reached XP level 1. HP: 9/9 MP: 5/5
   136 | D:1      | Reached XP level 2. HP: 8/13 MP: 0/6
   441 | D:1      | Slain by a rat

Skill      XL: |  1  2 |
---------------+-------+-----
Earth Magic    | 3 |  3.1
Spellcasting   | 3 |  3.1
Dodging        | |  3.1
Stealth        | |  3.2
Transmutations | |  1.3

Action                   || total
-------------------------++-------
Melee: Dagger            ||    14
 Cast: Sandblast         ||    15
 Stab: Sleeping          ||     1
Armor: Robe              ||     5
Dodge: Dodged            ||    19
